 Dungeon Crawl Stone Soup version 0.19-a0-1218-gcd7aee6 (webtiles) character file.

9506 MrRokkomies the Carver (level 11, -4/91 HPs)
             Began as a Vampire Gladiator on Aug 24, 2016.
             Was a Believer of Uskayaw.
             Slain by a komodo dragon (24 damage)
             ... on level 1 of the Lair of Beasts.
             The game lasted 00:29:14 (13177 turns).

MrRokkomies the Carver (Vampire Gladiator)         Turns: 13177, Time: 00:29:14

Health: -4/91      AC:  8    Str: 18    XL:     11   Next: 23%
Magic:  14/14      EV: 17    Int: 17    God:    Uskayaw [**....]
Gold:   76         SH:  0    Dex: 17    Spells: 4 memorised, 1 level left

rFire  + . .     SeeInvis +     a - +1 long sword
rCold  + . .     Gourm    .     u - +0 leather armour of Conscience {rPois Str+4 Dex-2}
rNeg   + + .     Faith    .     (no shield)
rPois  +         Spirit   .     S - +0 hat {Int+3}
rElec  .         Dismiss  .     p - +0 cloak
rCorr  .         Reflect  .     q - +0 pair of gloves
MR     +....     Harm     .     t - +2 pair of boots {Stlth+}
Stlth  ++........               v - amulet of magic regeneration
                                V - ring "Wistryhe" {rPois rF+ Int+2 Dex+2 SInv}
                                i - +2 ring of evasion

@: regenerating slowly
A: fangs 3, see invisible, unbreathing
a: Bat Form, Stomp, Line Pass, Renounce Religion


You were on level 1 of the Lair of Beasts.
You worshipped Uskayaw.
Uskayaw was noncommittal.
You were thirsty.

You visited 2 branches of the dungeon, and saw 11 of its levels.

You collected 728 gold pieces.
You spent 652 gold pieces at shops.

Inventory:

Hand Weapons
 a - a +1 long sword (weapon)
 b - a +0 shortbow of velocity
 N - a +0 blowgun
Missiles
 d - 5 throwing nets (quivered)
 M - 3 curare-tipped needles
 O - 10 poisoned needles
 R - 41 arrows
Armour
 p - a +0 cloak (worn)
 q - a +0 pair of gloves (worn)
 t - a +2 pair of boots of stealth (worn)
 u - the +0 leather armour of Conscience (worn) {rPois Str+4 Dex-2}
   (You found it on level 5 of the Dungeon)

   It affects your strength (+4).
   It affects your dexterity (-2).
   It protects you from poison.
 S - a +0 hat of intelligence (worn)
Jewellery
 i - a +2 ring of evasion (left hand)
 l - an uncursed ring of wizardry
 s - an uncursed ring of magical power
 v - an amulet of magic regeneration (around neck)
 V - the ring "Wistryhe" (right hand) {rPois rF+ Int+2 Dex+2 SInv}
   (You bought it in a shop on level 10 of the Dungeon)

   [ring of poison resistance]

   It affects your intelligence (+2).
   It affects your dexterity (+2).
   It protects you from fire.
   It protects you from poison.
   It lets you see invisible.
Wands
 m - a wand of acid (0/15)
 n - a wand of flame (27/48)
 o - a wand of random effects (32/48)
 w - a wand of disintegration (5/24)
 y - a wand of confusion (23/48)
 E - a wand of flame (34/48)
 F - a wand of lightning (5/15)
 L - a wand of iceblast (9/15)
 U - a wand of acid (5/15)
 W - a wand of flame (30/48)
Scrolls
 c - 2 scrolls of amnesia
 e - a scroll of remove curse
 g - 2 scrolls of identify
 r - 3 scrolls of blinking
 z - 3 scrolls of teleportation
 C - a scroll of enchant weapon
 P - 2 scrolls of magic mapping
Potions
 f - 3 potions of magic
 h - 3 potions of flight
 x - 4 potions of brilliance
 B - 2 potions of heal wounds
 G - a potion of cure mutation
 H - a potion of curing
 K - a potion of lignification
Books
 A - a book of Battle

   Spells                             Type                      Level
   a - Infusion                       Charms                       1
   b - Shroud of Golubria             Charms/Translocation         2
   c - Song of Slaying                Charms                       2
   d - Spectral Weapon                Hexes/Charms                 3
   e - Regeneration                   Charms/Necromancy            3
 I - a book of Cantrips

   Spells                             Type                      Level
   a - Confusing Touch                Hexes                        1
   b - Animate Skeleton               Necromancy                   1
   c - Summon Small Mammal            Summoning                    1
   d - Apportation                    Translocation                1
 Q - a book of Callings

   Spells                             Type                      Level
   a - Summon Small Mammal            Summoning                    1
   b - Call Imp                       Summoning                    2
   c - Call Canine Familiar           Summoning                    3
   d - Summon Guardian Golem          Hexes/Summoning              3
   e - Summon Lightning Spire         Summoning/Air                4
   f - Summon Ice Beast               Ice/Summoning                4
 T - the Tome of the Oath and the Blaze
   (You found it on level 9 of the Dungeon)

   Spells                             Type                      Level
   a - Conjure Flame                  Conjuration/Fire             3
   b - Spectral Weapon                Hexes/Charms                 3
   c - Sticky Flame                   Conjuration/Fire             4
   d - Cause Fear                     Hexes                        4
   e - Silence                        Hexes/Air                    5


   Skills:
 - Level 10.2 Fighting
 - Level 12.0 Long Blades
 - Level 1.5 Throwing
 * Level 5.2 Dodging
 * Level 2.2 Summonings
 - Level 5.0 Invocations


You had one spell level left.
You knew the following spells:

 Your Spells              Type           Power        Failure   Level  Hunger
a - Shroud of Golubria    Chrm/Tloc      #.........   41%         2    ###....
b - Song of Slaying       Chrm           #.......     41%         2    ###....
c - Spectral Weapon       Hex/Chrm       #.......     82%         3    ####...
d - Call Imp              Summ           #.......     21%         2    ###....


Dungeon Overview and Level Annotations

Branches:
Dungeon (10/15)            Temple (0/1) D:5            Lair (1/6) D:10
    Orc (0/2) D:10

Altars:
Ashenzari
Cheibriados
Dithmenos
Elyvilon
Fedhas
Okawaru
Qazlal
Ru
Sif Muna
Uskayaw
Vehumet
Yredelemnul

Shops:
D:10 =

Annotations:
D:3 Fv001's ghost, amateur HuMo
D:7 Menkaure


Innate Abilities, Weirdness & Mutations

You heal slowly.
You have razor-sharp teeth.
You have supernaturally acute eyesight. (SInv)
You can survive without breathing.


Message History

You are too injured to fight recklessly!
You are too injured to fight recklessly!
You are too injured to fight recklessly!
You hit the komodo dragon. You bite the komodo dragon.
You draw the komodo dragon's blood!
You feel better.
The komodo dragon is moderately wounded.
You are feeling thirsty.
You closely miss the komodo dragon.
You bite the komodo dragon, but do no damage.
The komodo dragon is moderately wounded.
The komodo dragon bites you!
You slash the komodo dragon!
The komodo dragon is severely wounded.
The komodo dragon bites you!!
* * * LOW HITPOINT WARNING * * *
You can now pass through a line of other dancers.
You slash the komodo dragon!
The komodo dragon is severely wounded.
The komodo dragon bites you!!
You die...

..# 7.
7..77 .##
7.777.77
## 7...7)7
77.....7
7.
7.....77
77 ..
7...77.7
7.7.7 7.7
7.7 777...
7
7.7777.7l7
77.77.7@.7
77...77..7


77777 7.7 ..7 7.7 .7 7 You could see a komodo dragon.

Vanquished Creatures
  Pikel (D:4)
  3 centaur zombies (D:10)
  2 trolls
  3 two-headed ogres
  Grinder (D:5)
  3 spriggans (Lair:1)
  A wyvern (D:10)
  A hippogriff (D:7)
  A wraith (D:9)
  A hungry ghost (D:8)
  A water moccasin (Lair:1)
  2 porcupines (Lair:1)
  6 orc warriors
  Duvessa (D:4)
  An ice beast (D:7)
  A sky beast (D:8)
  An eye of draining (D:10)
  3 necrophages (D:10)
  A black bear (D:8)
  2 ogres
  6 centaurs
  A crocodile (D:8)
  3 big kobolds
  Blork the orc (D:6)
  7 giant frogs
  A wyvern zombie (D:10)
  Dowan (D:4)
  A wyvern skeleton (D:6)
  A scorpion (D:8)
  4 wights (D:9)
  3 howler monkeys
  3 crimson imps
  A giant frog zombie (D:6)
  7 hounds
  A quasit (D:8)
  15 orc priests
  4 jellies
  Crazy Yiuf (D:6)
  3 iguanas
  17 orc wizards
  7 worker ants
  A howler monkey skeleton (D:8)
  12 adders
  3 gnolls (D:2)
  A shadow imp (D:6)
  3 oozes
  2 adder zombies (D:10)
  3 adder skeletons
  A worm (D:4)
  3 dart slugs
  11 giant geckos
  70 orcs
  4 ball pythons
  5 bats
  11 giant cockroaches
  6 goblins
  3 hobgoblins
  10 jackals
  4 quokkas
  A giant gecko zombie (D:7)
  5 giant newts
  13 kobolds
  A quokka skeleton (D:7)
  10 rats
307 creatures vanquished.

Vanquished Creatures (collateral kills)
  An oklob plant (D:10)
1 creature vanquished.

Vanquished Creatures (others)
  A slave (D:6)
  2 orc wizards (D:6)
  A worker ant zombie (D:6)
  2 adders
  2 orcs (D:6)
  A giant cockroach (D:4)
  12 plants (D:10)
21 creatures vanquished.

Grand Total: 329 creatures vanquished

Notes
Turn   | Place    | Note
-------+----------+-------------------------------------------
     0 | D:1      | MrRokkomies the Vampire Gladiator began the quest for the Orb.
     0 | D:1      | Reached XP level 1. HP: 16/16 MP: 1/1
     0 | D:1      | Noticed a formicid
     1 | D:1      | Noticed a centaur
     1 | D:1      | Noticed a minotaur
     3 | D:1      | Noticed a naga
     5 | D:1      | Noticed an octopode
     7 | D:1      | Noticed an ogre
     9 | D:1      | Noticed a centaur
    11 | D:1      | Noticed a centaur
    11 | D:1      | Noticed a troll
    13 | D:1      | Noticed a minotaur
    13 | D:1      | Noticed a vine stalker
    14 | D:1      | Noticed a vine stalker
    15 | D:1      | Noticed an octopode
    15 | D:1      | Noticed a troll
    19 | D:1      | Noticed a centaur
    22 | D:1      | Noticed a dwarf
   130 | D:1      | Reached XP level 2. HP: 22/22 MP: 2/2
   520 | D:1      | Reached XP level 3. HP: 25/28 MP: 3/3
   930 | D:2      | Reached XP level 4. HP: 7/35 MP: 4/4
   934 | D:2      | Reached skill level 4 in Long Blades
  1731 | D:2      | Found a shattered altar of Ashenzari.
  2018 | D:3      | Found a sacrificial altar of Ru.
  2025 | D:3      | Noticed Fv001's ghost (amateur HuMo)
  2267 | D:3      | Reached XP level 5. HP: 36/42 MP: 5/5
  2903 | D:3      | Reached skill level 5 in Long Blades
  3134 | D:4      | Reached XP level 6. HP: 34/49 MP: 6/6
  3328 | D:4      | Noticed a slave
  3328 | D:4      | Noticed a slave
  3329 | D:4      | Noticed a slave
  3330 | D:4      | Noticed a slave
  3331 | D:4      | Noticed Pikel
  3358 | D:4      | Killed Pikel
  3358 | D:4      | Reached skill level 5 in Fighting
  3358 | D:4      | Reached skill level 6 in Long Blades
  3358 | D:4      | Reached XP level 7. HP: 37/57 MP: 7/7
  3454 | D:4      | Found a stormy altar of Qazlal.
  3545 | D:4      | Noticed Dowan
  3570 | D:4      | Found a blossoming altar of Fedhas.
  3612 | D:4      | Found a shadowy altar of Dithmenos.
  3634 | D:4      | Killed Dowan
  3646 | D:4      | Noticed Duvessa
  3674 | D:4      | Killed Duvessa
  3674 | D:4      | Reached skill level 7 in Long Blades
  4092 | D:4      | Found a deep blue altar of Sif Muna.
  4487 | D:5      | Entered Level 5 of the Dungeon
  4514 | D:5      | Found a basalt altar of Yredelemnul.
  4516 | D:5      | Found a hide-covered altar of Uskayaw.
  4517 | D:5      | Found an iron altar of Okawaru.
  4525 | D:5      | Became a worshipper of Uskayaw the Reveler
  4610 | D:5      | Found a snail-covered altar of Cheibriados.
  4618 | D:5      | Noticed Grinder
  4637 | D:5      | Paralysed by Grinder for 5 turns
  4642 | D:5      | Reached * piety under Uskayaw
  4644 | D:5      | Reached ** piety under Uskayaw
  4645 | D:5      | Killed Grinder
  4645 | D:5      | Reached XP level 8. HP: 37/65 MP: 8/8
  4993 | D:5      | Got an ancient leather armour
  5375 | D:5      | Found a staircase to the Ecumenical Temple.
  5386 | D:5      | Reached *** piety under Uskayaw
  5813 | D:6      | Reached skill level 8 in Long Blades
  5949 | D:6      | Learned a level 2 spell: Shroud of Golubria
  5952 | D:6      | Learned a level 2 spell: Song of Slaying
  5956 | D:6      | Learned a level 3 spell: Spectral Weapon
  5994 | D:6      | Noticed Blork the orc
  6007 | D:6      | Killed Blork the orc
  6220 | D:6      | Reached **** piety under Uskayaw
  6724 | D:6      | Found a radiant altar of Vehumet.
  6780 | D:6      | Reached XP level 9. HP: 58/74 MP: 9/9
  6837 | D:6      | Reached skill level 9 in Long Blades
  6876 | D:6      | Found a runed door.
  6880 | D:6      | Noticed Crazy Yiuf
  6887 | D:6      | Killed Crazy Yiuf
  6927 | D:7      | Noticed Menkaure
  7272 | D:7      | Found a white marble altar of Elyvilon.
  7538 | D:7      | Reached ***** piety under Uskayaw
  8111 | D:8      | Reached skill level 10 in Long Blades
  9090 | D:8      | Reached XP level 10. HP: 82/83 MP: 10/10
  9463 | D:9      | Reached skill level 10 in Fighting
  9466 | D:9      | Identified the Tome of the Oath and the Blaze
  9484 | D:9      | Reached skill level 11 in Long Blades
  9752 | D:9      | Reached skill level 1 in Invocations
 10062 | D:9      | Identified the +0 leather armour of Conscience {rPois Str+4 Dex-2} (You found it on level 5 of the Dungeon)
 10085 | D:10     | Entered Level 10 of the Dungeon
 10254 | D:10     | Found a staircase to the Orcish Mines.
 11145 | D:10     | Reached skill level 12 in Long Blades
 11732 | D:10     | Reached XP level 11. HP: 43/91 MP: 14/14
 11930 | D:10     | Found a staircase to the Lair.
 11931 | D:10     | Noticed an oklob plant
 12118 | D:10     | Learned a level 2 spell: Call Imp
 12143 | D:10     | Found Uckanil's Jewellery Shoppe.
 12151 | D:10     | Bought the ring "Wistryhe" {rPois rF+ Int+2 Dex+2 SInv} for 652 gold pieces
 12360 | D:10     | Killed an oklob plant
 12360 | D:10     | Reached skill level 5 in Invocations
 12594 | Lair:1   | Entered Level 1 of the Lair of Beasts
 12663 | Lair:1   | Reached skill level 1 in Summonings
 13052 | Lair:1   | Reached skill level 5 in Dodging
 13177 | Lair:1   | Slain by a komodo dragon

Vault maps used:
D:1:      shiori_arrival_whats_in_store_for_you, kennysheep_nondescript,
          feat_on_display
D:2:      ashenzari_altar_1
D:3:      lemuel_crystal_altar, nrook_mini_vaults
D:4:      nicolae_qazlal_general_emergency, fedhas_altar_1,
          nicolae_dithmenos_the_darkroom, first_bread, lemuel_blue_sif_altar,
          uniq_pikel, uniq_duvessa
D:5:      grunt_temple_overflow_open, nicolae_overflow_crystal_walls,
          uniq_grinder
D:6:      vehumet_altar_wand_db, uniq_crazy_yiuf_cottage, uniq_blork_the_orc
D:7:      elyvilon_altar_5, uniq_menkaure
D:9:      minmay_curly_fans
D:10:     dpeg_oklobed_lair, hiddenorc2_lemuel, serial_shops,
          kennysheep_little_box
Lair:1:   kb_forest_paths, uniq_grum

Skill      XL: |  1  2  3  4  5  6  7  8  9 10 11 |
---------------+----------------------------------+-----
Fighting       | 2 3 4 5 6 7 9 10 | 10.2
Long Blades    | 4 5 6 7 8 10 12 | 12.0
Invocations    | 4 5 |  5.0
Dodging        | 5 |  5.2
Summonings     | 2 |  2.2
Throwing       | |  1.5

Action                   |  1- 3 |  4- 6 |  7- 9 | 10-12 || total
-------------------------+-------+-------+-------+-------++-------
Melee: Long sword        |   104 |   191 |   571 |   474 ||  1340
       Bite              |    11 |    15 |    68 |    66 ||   160
Invok: Stomp             |       |       |     3 |     2 ||     5
Evoke: Wand              |       |       |     4 |     2 ||     6
  Use: Scroll            |     4 |     5 |     9 |     5 ||    23
       Potion            |     1 |     3 |       |     1 ||     5
 Stab: Sleeping          |       |     1 |     7 |       ||     8
       Invisible         |       |     8 |       |       ||     8
       Paralysed         |       |       |    16 |    18 ||    34
       Distracted        |       |       |     2 |     1 ||     3
       Confused          |       |       |     1 |       ||     1
  Eat: Corpse            |       |     4 |     9 |     7 ||    20
Armor: Leather armour    |    17 |    33 |   127 |    60 ||   237
Dodge: Dodged            |    69 |   120 |   309 |   238 ||   736
